 Dungeon Crawl Stone Soup version 0.22-a0-803-gd6d8abeff0 (webtiles) character file.

58 Holzbalken the Shooter (level 3, -2/29 HPs)
             Began as a Centaur Hunter on July 22, 2018.
             Slain by an orc
             ... wielding a +0 flail
              (10 damage)
             ... on level 3 of the Dungeon.
             The game lasted 00:06:26 (1538 turns).

Holzbalken the Shooter (Centaur Hunter)             Turns: 1538, Time: 00:06:27

Health: -2/29      AC:  5    Str: 14    XL:     3   Next: 76%
Magic:  3/3        EV:  9    Int: 10    God:
Gold:   108        SH:  0    Dex: 10    Spells: 2/2 levels left

rFire    . . .     SeeInvis .   b - +0 short sword
rCold    . . .     Gourm    .   (no shield)
rNeg     . . .     Faith    .   c - +0 leather armour
rPois    .         Spirit   .   (no helmet)
rElec    .         Reflect  .   (no cloak)
rCorr    .         Harm     .   k - +0 pair of gloves
MR       .....                  (no barding)
Stlth    +.........             (no amulet)
HPRegen  0.09/turn              (no ring)
MPRegen  0.08/turn              (no ring)

@: very quick
A: large, hooves 3, deformed body, speed 2, tough skin 3
a: no special abilities


You were on level 3 of the Dungeon.
You were not hungry.

You visited 1 branch of the dungeon, and saw 3 of its levels.

You collected 108 gold pieces.

Inventory:

Hand Weapons
 a - a +1 shortbow
 b - a +0 short sword (weapon)
Missiles
 d - 6 arrows
Armour
 c - a +0 leather armour (worn)
 k - a +0 pair of gloves (worn)
Scrolls
 h - a scroll of noise {unknown}
 i - 2 scrolls of enchant weapon {unknown}
 l - 2 scrolls of amnesia {unknown}
 m - 2 scrolls of enchant armour {unknown}
 n - a scroll of remove curse {unknown}
 o - a scroll of fog {unknown}
 q - a scroll of teleportation {unknown}
 r - a scroll of fear {unknown}
Potions
 e - a potion of haste {unknown}
 j - a potion of might {unknown}
 p - 2 potions of heal wounds {unknown}
Comestibles
 f - 2 rations
 g - a chunk of flesh


   Skills:
 - Level 2.0 Fighting
 + Level 7.2 Bows
 - Level 1.3 Dodging
 - Level 0.4 Stealth


You had 2 spell levels left.
You didn't know any spells.
Your spell library was empty.

Dungeon Overview and Level Annotations

Branches:
Dungeon (3/15)

Altars:
Gozag


Innate Abilities, Weirdness & Mutations

You have hooves in place of feet.
Armour fits poorly on your strangely shaped body.
You cover ground very quickly.
You have extremely tough skin. (AC +3)


Message History

You are too injured to fight recklessly!
You are too injured to fight recklessly!
You are too injured to fight recklessly!
You are too injured to fight recklessly!
You are too injured to fight recklessly!
You are too injured to fight recklessly!
The orc hits you with a flail.
* * * LOW HITPOINT WARNING * * *
The orc barely misses you.
Items here: )) [ † a flail x2; a scale mail; an orc corpse You see here a quarterstaff.
The orc barely misses you.
You hit the orc.
The orc is lightly wounded.
The orc hits you but does no damage.
You barely miss the orc.
The orc is lightly wounded.
The orc hits you with a flail!
You die...

#######
#.....######
#..........#
#..........#
#..........#
#..........#
#.#####..........#
#.roo@)...(......#
##.o####..##.....#
..... #.###>....#
#..##.# #.#
###.### .. #. #.#
##.# . #. #.# #..#
# <# ##.## #..#
#.##


You could see 3 orcs and a rat.

Vanquished Creatures
  A gnoll (D:1)
  A worm (D:2)
  2 leopard geckos (D:2)
  2 orcs (D:3)
  5 giant cockroaches
  5 goblins
  3 hobgoblins
  4 kobolds
  A quokka (D:2)
  5 bats
  4 frilled lizards
  6 rats
39 creatures vanquished.

Notes
Turn   | Place    | Note
-------+----------+-------------------------------------------
     0 | D:1      | Holzbalken the Centaur Hunter began the quest for the Orb.
     0 | D:1      | Reached XP level 1. HP: 17/17 MP: 1/1
   219 | D:1      | Reached XP level 2. HP: 24/24 MP: 2/2
   336 | D:1      | Reached skill level 6 in Bows
   850 | D:2      | Reached XP level 3. HP: 29/29 MP: 3/3
  1003 | D:2      | Reached skill level 7 in Bows
  1046 | D:2      | Found an opulent altar of Gozag.
  1538 | D:3      | Slain by an orc

Vault maps used:
D:1:      dpeg_arrival_solitude, kennysheep_decorative_pillar
D:2:      grunt_gozag_statues
D:3:      first_ration

Skill      XL: |  1  2  3 |
---------------+----------+-----
Bows           | 6 7 |  7.2
Fighting       | |  2.0
Dodging        | |  1.3
Stealth        | |  0.4

Action                   || total
-------------------------++-------
Melee: Short sword       ||    26
       Kick              ||     3
 Fire: Shortbow          ||    82
  Eat: Chunk             ||     1
Armor: Leather armour    ||    24
Dodge: Dodged            ||    24

Table legend:
 A = Spawn XP
 B = Non-spawn XP
 C = Spawn XP percentage of total XP
 D = Spawn monster count
 E = Non-spawn monster count
 F = Spawn count percentage of total count
 G = Total turns spent on level
                    A         B        C        D         E        F      G
               +---------+---------+-------+---------+---------+-------+---------
         Total |       0 |      84 |   0.0 |       0 |      39 |   0.0 |  1538
               +---------+---------+-------+---------+---------+-------+---------
           D:1 |       0 |      34 |   0.0 |       0 |      13 |   0.0 |   764
           D:2 |       0 |      38 |   0.0 |       0 |      20 |   0.0 |   678
           D:3 |       0 |      12 |   0.0 |       0 |       6 |   0.0 |    96
               +---------+---------+-------+---------+---------+-------+---------
